 Dungeon Crawl Stone Soup version bcrawl-1.18.1 (webtiles) character file.

Game seed: 14025843135981558619

250 Freyura the Skirmisher (level 5, -4/42 HPs)
             Began as a Demonspawn Fighter on Nov 8, 2019.
             Was an Initiate of Nemelex Xobeh.
             Slain by an ice beast (13 damage)
             ... on level 3 of the Dungeon.
             The game lasted 00:07:08 (2215 turns).

Freyura the Skirmisher (Demonspawn Fighter)         Turns: 2215, Time: 00:07:09

Health: -4/42      AC:  8    Str: 17    XL:     5   Next: 88%
Magic:  6/6        EV:  8    Int:  9    God:    Nemelex Xobeh [......]
Gold:   116        SH: 10    Dex: 13    Spells: 4/4 levels left

rFire    + . .     SeeInvis +   a - +0 long sword
rCold    . . .     Gourm    .   c - +0 shield
rNeg     . . .     Faith    .   b - +0 scale mail
rPois    .         Spirit   .   (no helmet)
rElec    .         Reflect  .   (no cloak)
rCorr    .         Harm     .   (no gloves)
MR       .....                  r - +0 pair of boots
Stlth    ..........             s - amulet of rage
HPRegen  0.14/turn              i - ring of see invisible
MPRegen  0.10/turn              (no ring)

@: lightly drained
A: fire resistance 1, spiny 1, flame cloud immunity
a: Draw Escape, Draw Destruction, Draw Summoning, Renounce Religion, Evoke
Berserk Rage


You were on level 3 of the Dungeon.
You worshipped Nemelex Xobeh.
Nemelex Xobeh was noncommittal.
You were not hungry.

You visited 1 branch of the dungeon, and saw 3 of its levels.

You collected 116 gold pieces.

Inventory:

Hand Weapons
 a - a +0 long sword (weapon)
Armour
 b - a +0 scale mail (worn)
 c - a +0 shield (worn)
 r - a +0 pair of boots (worn)
Jewellery
 i - a ring of see invisible (left hand)
 s - an amulet of rage (around neck)
Wands
 p - a wand of digging (6)
Scrolls
 d - a scroll of fog {unknown}
 e - a scroll of magic mapping {unknown}
 g - 3 scrolls of identify
 h - 2 scrolls of teleportation {unknown}
 k - a scroll of enchant armour {unknown}
 l - 2 scrolls of fear {unknown}
 q - a scroll of remove curse {unknown}
 t - 2 scrolls of amnesia
 u - a scroll of enchant weapon {unknown}
Potions
 j - 2 potions of mutation {unknown}
 m - 2 potions of brilliance {unknown}
 n - a potion of haste {unknown}
 o - 2 potions of curing {unknown}
Comestibles
 f - 3 rations {!d}


   Skills:
 + Level 3.8(3.7) Fighting
 * Level 3.4(3.3) Long Blades
 + Level 3.2 Armour
 + Level 2.0(1.9) Dodging
 + Level 3.4(3.3) Shields
 + Level 1.5(1.4) Invocations


You had 4 spell levels left.
You didn't know any spells.
Your spell library was empty.

Dungeon Overview and Level Annotations

Branches:
Dungeon (3/12)

Altars:
Cheibriados
Elyvilon
Nemelex Xobeh
Trog


Innate Abilities, Weirdness & Mutations

Your flesh is heat resistant. (rF+)
You are partially covered in sharp spines.
You are immune to clouds of flame.


Message History

The ice beast is almost dead.
You block the ice beast's attack.
You hit the ice beast but do no damage.
The ice beast is almost dead.
The ice beast hits you. The ice beast freezes you.
* * * LOW HITPOINT WARNING * * *
Your shield and scale mail prevent you from hitting the ice beast.
The ice beast is almost dead.
The ice beast hits you but does no damage.
The ice beast barely misses you.
You closely miss the ice beast.
The ice beast is almost dead.
You block the ice beast's attack.
You hit the ice beast.
The ice beast is almost dead.
The ice beast hits you.
* * * LOW HITPOINT WARNING * * *
The ice beast freezes you!
You die...
Your body disappears without a glow.

.... #..........>.# ##
..# #..#......#[.# #
.... #..#.....##..#####
#...###.(...............
...≈≈#............#####
.[♣..≈#.###.......##
..................#
♣._.♣...#.##.######
......Y@#.##.#
..♣..≈#.(....# ≈...≈
#..#.### #... #.###..#
... #.## #.# .. ## .# .
#


You could see an ice beast.

Vanquished Creatures
  2 orc priests (D:3)
  An orc wizard (D:3)
  3 adders (D:3)
  2 oozes
  2 worms (D:2)
  5 dart slugs
  3 leopard geckos
  11 orcs
  11 bats
  3 giant cockroaches
  7 goblins
  9 hobgoblins
  16 jackals
  2 quokkas
  3 frilled lizards
  11 kobolds
  4 rats
95 creatures vanquished.

Vanquished Creatures (others)
  A quokka (D:3)
1 creature vanquished.

Grand Total: 96 creatures vanquished

Notes
Turn   | Place    | Note
-------+----------+-------------------------------------------
     0 | D:1      | Freyura the Demonspawn Fighter began the quest for the Orb.
     0 | D:1      | Reached XP level 1. HP: 18/18 MP: 1/1
   200 | D:1      | Gained mutation: You are partially covered in sharp spines.
                  | [demonic ancestry]
   200 | D:1      | Reached XP level 2. HP: 22/24 MP: 2/2
   262 | D:1      | Gained mutation: Your flesh is heat resistant. (rF+)
                  | [demonic ancestry]
   262 | D:1      | Reached XP level 3. HP: 27/29 MP: 3/3
   305 | D:1      | Reached skill level 1 in Dodging
   778 | D:2      | Gained mutation: You are immune to clouds of flame.
                  | [demonic ancestry]
   778 | D:2      | Reached XP level 4. HP: 30/35 MP: 4/4
   975 | D:2      | Found a snail-covered altar of Cheibriados.
  1035 | D:2      | Found a sparkling altar of Nemelex Xobeh.
  1050 | D:2      | Became a worshipper of Nemelex Xobeh the Trickster
  1193 | D:2      | Received a gift from Nemelex Xobeh
  1808 | D:3      | Reached skill level 1 in Invocations
  1808 | D:3      | Reached XP level 5. HP: 26/41 MP: 5/5
  2062 | D:3      | Found a bloodstained altar of Trog.
  2199 | D:3      | Noticed an ice beast
  2200 | D:3      | Found a white marble altar of Elyvilon.
  2215 | D:3      | Slain by an ice beast

Skill      XL: |  1  2  3  4  5 |
---------------+----------------+-----
Long Blades    | 2 3 |  3.4
Dodging        | 1 2 |  2.0
Shields        | 3 |  3.4
Armour         | 3 |  3.2
Invocations    | 1 |  1.5
Fighting       | |  3.8

Action                   |  1- 3 |  4- 6 || total
-------------------------+-------+-------++-------
Melee: Long sword        |   120 |   129 ||   249
  Use: Scroll            |     2 |     1 ||     3
       Potion            |       |     1 ||     1
  Eat: Chunk             |       |     2 ||     2
       Ration            |       |     1 ||     1
Armor: Scale mail        |    40 |    58 ||    98
Dodge: Dodged            |    26 |    45 ||    71
Block: Shield            |    69 |    76 ||   145
